 Dungeon Crawl Stone Soup version 0.29-a0-333-gb4c28e87c6 (webtiles) character file.

Game seed: 4016726682188511016

14 Jortsu the Skirmisher (level 2, 0/24 HPs)
             Began as a Demonspawn Fighter on Apr 13, 2022.
             Slain by a jackal (2 damage)
             ... on level 1 of the Dungeon.
             The game lasted 00:00:29 (269 turns).

Jortsu the Skirmisher (Demonspawn Fighter)           Turns: 269, Time: 00:00:30

Health: 0/24       AC:  6    Str: 16    XL:     2   Next: 31%
Magic:  2/2        EV:  8    Int:  9    God:
Gold:   49         SH:  4    Dex: 12    Spells: 1/1 levels left

rFire   . . .      SeeInvis .   a - +0 war axe
rCold   . . .      Faith    .   c - +0 buckler
rNeg    . . .      Spirit   .   b - +0 scale mail
rPois   .          Reflect  .   (no helmet)
rElec   .          Harm     .   (no cloak)
rCorr   .          Rampage  .   (no gloves)
Will    .....                   (no boots)
Stlth   ..........              (no amulet)
HPRegen 0.08/turn               (no ring)
MPRegen 0.08/turn               (no ring)

@: no status effects
A: foul stench 1
a: no special abilities


You were on level 1 of the Dungeon.
You visited 1 branch of the dungeon, and saw 1 of its levels.

You collected 49 gold pieces.

Inventory:

Hand Weapons
 a - a +0 war axe (weapon)
Armour
 b - a +0 scale mail (worn)
 c - a +0 buckler (worn)
Scrolls
 e - a scroll of teleportation {unknown}
 f - a scroll of enchant weapon {unknown}
 g - a scroll of silence {unknown}
Potions
 d - a potion of might


   Skills:
 + Level 3.2 Fighting
 + Level 1.9 Axes
 + Level 2.9 Armour
 + Level 3.0 Shields


You had one spell level left.
You didn't know any spells.
Your spell library contained the following spells:

 Spells                   Type           Power      Damage    Failure   Level
 Ozocubu's Armour         Ice            0%         N/A       99%         3
 Ozocubu's Refrigeration  Ice            0%         4d5       100%        7


Dungeon Overview and Level Annotations

Branches:
Dungeon (1/15)

Altars:


Innate Abilities, Weirdness & Mutations

You may rarely emit foul miasma when damaged in melee.


Message History

You are frozen.
The giant cockroach bites you. The giant cockroach closely misses you.
The endoplasm freezes you.
You are frozen.
You barely miss the giant cockroach.
The giant cockroach is severely wounded.
You slash the giant cockroach!
You kill the giant cockroach!
You barely miss the endoplasm.
The giant cockroach bites you but does no damage.
The jackal bites you.
* * * LOW HITPOINT WARNING * * *
The endoplasm freezes you.
You are frozen.
* * * LOW HITPOINT WARNING * * *
The giant cockroach bites you but does no damage.
You block the jackal's attack.
You slash the giant cockroach!
You kill the giant cockroach!
You hit the endoplasm.
You kill the endoplasm!
You miss the jackal. You block the jackal's attack.
Your Shields skill increases to level 3!
You hit the jackal.
The jackal is heavily wounded.
The jackal bites you but does no damage.
The jackal barely misses you. The jackal bites you.
* * * LOW HITPOINT WARNING * * *
You barely miss the jackal.
The jackal is heavily wounded.
The jackal closely misses you.
The jackal bites you but does no damage.
You barely miss the jackal.
The jackal is heavily wounded.
The jackal bites you but does no damage.
The jackal barely misses you.
You barely miss the jackal.
The jackal is heavily wounded.
The jackal closely misses you. The jackal bites you.
You die...

.. #. # ####.### # #.
....#....# #..####.#
..##....##.###....##.#
.............##..#.##.##
...##...†..........##..
.8.....#.#...##..#.##.##
#..h@†#...##....#....
.#.#.#.#.........#....
...........#...........
8........#......#.##.##
.....#.#..#.....##....#
.....#...####...#######
#.#. .##). ##'## ......
#>. #≈≈≈≈≈### ##. ###
#≈≈≈≈≈#.#


You could see a jackal.

Vanquished Creatures
  2 ball pythons (D:1)
  An endoplasm (D:1)
  2 giant cockroaches (D:1)
  A hobgoblin (D:1)
  A jackal (D:1)
  2 goblins (D:1)
  2 kobolds (D:1)
  3 rats (D:1)
14 creatures vanquished.

Notes
Turn   | Place    | Note
-------+----------+-------------------------------------------
     0 | D:1      | Jortsu the Demonspawn Fighter began the quest for the Orb.
     0 | D:1      | Reached XP level 1. HP: 18/18 MP: 1/1
   256 | D:1      | Gained mutation: You may rarely emit foul miasma when
                  | damaged in melee. [demonic ancestry]
   256 | D:1      | Reached XP level 2. HP: 15/24 MP: 2/2
   269 | D:1      | Slain by a jackal

Illustrated notes

Levels and vault maps discovered:
D:1:      dpeg_arrival_pits, layout_basic, hellmonk_ecumenical_altar_dog_temple,
          chequers_serial_rivers_room_b, minmay_misc_feat_doors,
          hangedman_decor_points

Skill      XL: |  1  2 |
---------------+-------+-----
Shields        | 3 |  3.0
Fighting       | |  3.2
Axes           | |  1.9
Armour         | |  2.9

Action                   || total
-------------------------++-------
Melee: War axe           ||    32
Armor: Scale mail        ||    22
Dodge: Dodged            ||    23
Block: Buckler           ||     9

Table legend: (Time is in decaauts)
 A = Elapsed time spent in this place.
 B = Non-inter-level travel time spent in this place.
 C = Inter-level travel time spent in this place.
 D = Time resting spent in this place.
 E = Time spent auto-exploring this place.
 F = Levels seen in this place.
 G = Mean time per level.
                   A        B        C        D        E       F      G
               +--------+--------+--------+--------+--------+-----+--------+
         Total |    283 |    283 |      0 |      0 |    192 |   1 |  283.0 |
       Dungeon |    283 |    283 |      0 |      0 |    192 |   1 |  283.0 |
               +--------+--------+--------+--------+--------+-----+--------+

Top non-repeatable levels by time:
     D:1: 283 daAuts
